 Dungeon Crawl Stone Soup version 0.28.0-49-g6dfe1f597d (webtiles) character file.

Game seed: 17756592916052600650

25750 klau3 the Severer (level 12, -7/110 HPs)
             Began as a Minotaur Berserker on May 19, 2022.
             Was an Elder of Trog.
             Shot with an arrow by Nessos (21 damage)
             ... on level 14 of the Dungeon.
             The game lasted 00:43:12 (13848 turns).

klau3 the Severer (Minotaur Berserker)             Turns: 13848, Time: 00:43:13

Health: -7/110     AC: 27    Str: 22    XL:     12   Next: 92%
Magic:  11/11      EV: 13    Int:  8    God:    Trog [****..]
Gold:   801        SH: 12    Dex: 13    Spells: 11/11 levels left

rFire   + + +      SeeInvis .   X - +2 war axe (freeze)
rCold   . . .      Faith    .   v - +0 kite shield
rNeg    . . .      Spirit   .   C - +8 chain mail of the Endless Expanse {Will+ Int+4}
rPois   .          Reflect  .   (helmet restricted)
rElec   +          Harm     .   (no cloak)
rCorr   .          Rampage  .   u - +2 pair of gloves "Ujuez" {+Blink rElec rF+++ Str-2}
Will    +....                   i - +2 pair of boots
Stlth   ..........              x - amulet of magic regeneration
HPRegen 0.28/turn               U - +4 ring of slaying
MPRegen 0.52/turn               S - +4 ring of evasion

@: lethally poisoned (-7 -> -32), on berserk cooldown, slowed, studying Armour,
very slow
A: horns 2, retaliatory headbutt, talons 1, fire resistance 1
a: Renounce Religion, Evoke Blink, Berserk, Trog's Hand, Brothers in Arms


You were on level 14 of the Dungeon.
You worshipped Trog.
Trog was greatly pleased with you.
You visited 1 branch of the dungeon, and saw 14 of its levels.

You collected 918 gold pieces.
You spent 117 gold pieces at shops.

Inventory:

Hand Weapons
 b - a +0 shortbow
 r - a +1 executioner's axe of venom
 B - a +0 battleaxe
 X - a +2 war axe of freezing (weapon)
Missiles
 j - 3 atropa-tipped darts
 m - 7 curare-tipped darts (quivered)
 o - 27 poisoned darts
 P - 6 silver javelins
 V - 2 throwing nets
 Y - 120 arrows
Armour
 d - a +1 plate armour
 i - a +2 pair of boots (worn)
 u - the +2 pair of gloves "Ujuez" (worn) {+Blink rElec rF+++ Str-2}
   (You found it on level 3 of the Dungeon)

   Str:       It affects your strength (-2).
   rF:        It renders you almost immune to fire.
   rElec:     It insulates you from electricity.
   +Blink:    It lets you blink.
 v - a +0 kite shield (worn)
 C - the +8 chain mail of the Endless Expanse (worn) {Will+ Int+4}
   (You found it on level 4 of the Dungeon)

   Int:       It affects your intelligence (+4).
   Will:      It increases your willpower.
Jewellery
 a - an amulet of faith
 g - a ring of willpower
 s - a ring of positive energy
 x - an amulet of magic regeneration (around neck)
 S - a +4 ring of evasion (right hand)
 T - an amulet of guardian spirit
 U - a +4 ring of slaying (left hand)
Wands
 e - a wand of acid (1)
 h - a wand of iceblast (3)
 k - a wand of polymorph (7)
 w - a wand of flame (34)
 D - a wand of mindburst (12)
 H - a wand of paralysis (15)
 J - a wand of charming (9)
Scrolls
 c - a scroll of summoning
 E - a scroll of fog
 G - 2 scrolls of teleportation
 O - a scroll of enchant weapon
 W - a scroll of enchant armour
Potions
 f - 3 potions of haste
 l - 3 potions of mutation
 n - 5 potions of curing
 p - a potion of might
 q - a potion of resistance
 t - 2 potions of heal wounds
 z - 3 potions of berserk rage
 M - a potion of lignification
Miscellaneous
 y - a phantom mirror


   Skills:
 + Level 11.2 Fighting
 + Level 16.2 Axes
 + Level 0.5 Throwing
 + Level 13.1 Armour
 + Level 5.4 Dodging
 + Level 1.7 Stealth
 + Level 12.4 Shields


You had 11 spell levels left.
You didn't know any spells.
Your spell library was empty.

Dungeon Overview and Level Annotations

Branches:
Dungeon (14/15)            Temple (0/1) D:7            Lair (0/6) D:8
    Orc (0/2) D:11
 Vaults: D:13-14

Altars:
Gozag
Yredelemnul

Shops:
D:3 [[==[   D:7 !   D:11 *   D:13 *=[=[

Portals:
Bazaar: D:13

Annotations:
D:14 Nessos, Urug


Innate Abilities, Weirdness & Mutations

You have a pair of horns on your head.
You reflexively headbutt those who attack you in melee.
You have sharp toenails.
Your flesh is heat resistant. (rF+)


Message History

Nessos shoots an arrow.
The arrow hits you.
You are more poisoned.
You feel your anger nearly subside.
You feel very sick.
Nessos gestures wildly while chanting.
Nessos blinks!
Nessos shoots an arrow.
You block the arrow.
Okay, then.
You are too berserk!
You are no longer berserk.
You are exhausted.
You feel yourself slow down.
You feel very sick.
Nessos shoots an arrow.
The arrow barely misses you.
As you read the scroll of teleportation, it crumbles to dust.
You feel strangely unstable.
You feel extremely sick.
Nessos shoots an arrow.
The arrow hits you!
* * * LOW HITPOINT WARNING * * *
The arrow burns you.
You are lethally poisoned!
* * * LOW HITPOINT WARNING * * *
Nessos shoots an arrow.
You block the arrow.
Nessos shoots an arrow.
The arrow hits you.
* * * LOW HITPOINT WARNING * * *
You are more poisoned.
You feel much better.
Your surroundings suddenly seem different.
* * * LOW HITPOINT WARNING * * *
You feel extremely sick.
Nessos shoots an arrow.
The arrow hits you!
* * * LOW HITPOINT WARNING * * *
The arrow burns you.
* * * LOW HITPOINT WARNING * * *
Nessos shoots an arrow.
You block the arrow.
You feel much better.
* * * LOW HITPOINT WARNING * * *
You feel extremely sick. Nessos says, "I'll learn you. I'll learn you yet!"
Nessos shoots an arrow.
The arrow hits you!!
You die...

#..# #..# #..####.######.#
#..#######..# #..# #.# #.#
#).[........# #..# #.# #.##
#...).......# #..####.# #...
#..######...####.......######...
#c.# #.................##....
#..# #..............##.......
#..# #.####.........##.######
#..######.####.@.......##.##...#
#............c............#.....
##...............................
$...............†.#######..#.....
########........(.# #..##...#
#........).# #..######
#..........# #.... #..........#
#..### # #....(.....# #...


You could see Nessos (fast).

Vanquished Creatures
  Jorgrun (D:13)
  A hydra (D:11)
  Harold (D:8)
  The ghost of Zeld the Cleaver, a novice MiBe of Trog (D:10)
  A centaur warrior (D:12)
  4 two-headed ogres
  A tengu warrior (D:14)
  Pikel (D:7)
  A deep elf pyromancer (D:13)
  Joseph (D:7)
  4 cyclopes
  3 manticores
  An elephant (D:8)
  A gargoyle (D:10)
  A kobold demonologist (D:12)
  A tengu conjurer (D:14)
  3 trolls
  3 meliai (D:13)
  Grinder (D:6)
  Prince Ribbit (D:6)
  A meliai zombie (D:10)
  Sigmund (D:6)
  A vampire (D:9)
  4 humans (D:14)
  Eustachio (D:6)
  4 basilisks
  7 yaks
  2 wraiths
  14 vampire mosquitoes
  A steam dragon (D:7)
  Edmund (D:5)
  Menkaure (D:6)
  6 acid dragons
  3 water moccasins
  6 orc warriors
  3 black bears
  3 ice beasts
  A necrophage (D:6)
  6 centaurs
  A lemure (D:7)
  A phantom (D:4)
  Blork the orc (D:4)
  A kobold brigand (D:3)
  A bullfrog (D:9)
  A gnoll sergeant (D:11)
  3 scorpions
  5 wights
  5 howler monkeys
  4 centaur zombies
  2 hounds (D:6)
  A bullfrog zombie (D:5)
  9 orc priests
  A jelly (D:5)
  A centaur skeleton (D:8)
  6 iguanas
  14 orc wizards
  Ijyb (D:4)
  A hound skeleton (D:4)
  2 howler monkey zombies (D:10)
  A howler monkey skeleton (D:5)
  5 gnolls
  11 adders
  2 ufetubi
  2 worms (D:3)
  7 dart slugs
  43 orcs
  8 endoplasms
  4 giant cockroaches
  5 goblins
  6 hobgoblins
  2 jackals (D:3)
  3 quokkas
  10 ball pythons
  13 bats
  4 frilled lizards
  6 kobolds
  7 rats
298 creatures vanquished.

Vanquished Creatures (collateral kills)
  Rupert (D:13)
  A hydra (D:13)
2 creatures vanquished.

Vanquished Creatures (others)
  A plant (D:8)
1 creature vanquished.

Grand Total: 301 creatures vanquished

Notes
Turn   | Place    | Note
-------+----------+-------------------------------------------
     0 | D:1      | klau3 the Minotaur Berserker began the quest for the Orb.
     0 | D:1      | Reached XP level 1. HP: 19/19 MP: 0/0
    15 | D:1      | Noticed a minotaur zombie
   248 | D:1      | Reached XP level 2. HP: 27/27 MP: 1/1
   468 | D:1      | You fall into a shaft and drop 1 floor!
   475 | D:2      | Reached skill level 4 in Axes
   593 | D:2      | Reached XP level 3. HP: 28/33 MP: 2/2
   703 | D:2      | Reached ** piety under Trog
  1145 | D:3      | Found Qufil's Jewellery Shop.
  1245 | D:3      | Reached XP level 4. HP: 40/41 MP: 3/3
  1299 | D:3      | Found Jach's Armour Shop.
  1350 | D:3      | Found Tiuxkotz's Antique Armour Emporium.
  1406 | D:3      | Found Nawol Ede's Jewellery Emporium.
  2059 | D:3      | Reached skill level 5 in Axes
  2059 | D:3      | Reached XP level 5. HP: 32/47 MP: 4/4
  2065 | D:3      | HP: 1/47 [orc priest/divine providence (12)]
  2518 | D:3      | Reached skill level 6 in Axes
  2518 | D:3      | Reached XP level 6. HP: 53/53 MP: 5/5
  2534 | D:3      | Reached *** piety under Trog
  2593 | D:3      | Identified the +2 pair of gloves "Ujuez" {+Blink rElec
                  | rF+++ Str-2}
  2731 | D:3      | Found Paovvupag's Antique Armour Emporium.
  2739 | D:3      | Bought a kite shield for 117 gold pieces
  3001 | D:4      | Noticed Ijyb
  3017 | D:4      | Killed Ijyb
  3018 | D:4      | Reached skill level 5 in Armour
  3254 | D:4      | Noticed an ice beast
  3263 | D:4      | Killed an ice beast
  3544 | D:4      | Reached skill level 5 in Fighting
  3564 | D:4      | Noticed Blork the orc
  3570 | D:4      | Killed Blork the orc
  3571 | D:4      | Reached skill level 1 in Shields
  3571 | D:4      | Reached XP level 7. HP: 61/61 MP: 6/6
  3637 | D:4      | Reached skill level 7 in Axes
  3648 | D:4      | Identified the +8 chain mail of the Endless Expanse {Will+
                  | Int+4}
  3955 | D:5      | Entered Level 5 of the Dungeon
  4098 | D:5      | Reached skill level 8 in Axes
  4224 | D:5      | Noticed Sigmund
  4278 | D:5      | You fall into a shaft and drop 1 floor!
  4286 | D:6      | Killed Sigmund
  4287 | D:6      | Reached XP level 8. HP: 69/69 MP: 7/7
  4320 | D:6      | Noticed Grinder
  4327 | D:6      | Paralysed by Grinder for 4 turns
  4333 | D:6      | Killed Grinder
  4334 | D:6      | Reached skill level 9 in Axes
  4497 | D:5      | Noticed Edmund
  4507 | D:5      | Killed Edmund
  5131 | D:6      | Noticed Prince Ribbit
  5152 | D:6      | Killed Prince Ribbit
  5153 | D:6      | Reached skill level 5 in Shields
  5153 | D:6      | Reached XP level 9. HP: 75/75 MP: 8/8
  5160 | D:6      | Reached skill level 10 in Axes
  5165 | D:6      | Noticed Eustachio
  5270 | D:6      | Killed Eustachio
  5338 | D:6      | Noticed a troll
  5350 | D:6      | Killed a troll
  6035 | D:6      | Noticed Menkaure
  6040 | D:6      | Killed Menkaure
  6354 | D:7      | Noticed Pikel
  6363 | D:7      | Killed Pikel
  6364 | D:7      | Reached skill level 11 in Axes
  6470 | D:7      | Found Ujumyf's Distillery.
  6585 | D:7      | Found a staircase to the Ecumenical Temple.
  6608 | D:7      | Reached **** piety under Trog
  6632 | D:7      | Noticed Joseph
  6653 | D:7      | Killed Joseph
  6654 | D:7      | Reached XP level 10. HP: 46/86 MP: 9/9
  7297 | D:8      | Noticed Harold
  7317 | D:8      | Killed Harold
  7318 | D:8      | Reached skill level 12 in Axes
  7323 | D:8      | Found a staircase to the Lair.
  7323 | D:8      | Noticed an elephant
  7496 | D:8      | Killed an elephant
  9382 | D:10     | Entered Level 10 of the Dungeon
  9408 | D:10     | Noticed a gargoyle
  9413 | D:10     | Killed a gargoyle
  9429 | D:10     | Reached skill level 13 in Axes
  9463 | D:10     | Reached XP level 11. HP: 95/95 MP: 10/10
  9467 | D:10     | Reached skill level 1 in Stealth
  9722 | D:10     | Found a runed translucent gate.
  9722 | D:10     | Found a runed translucent gate.
  9722 | D:10     | Found a runed translucent gate.
  9722 | D:10     | Noticed Zeld's ghost (novice MiBe)
  9724 | D:10     | Found a basalt altar of Yredelemnul.
  9750 | D:10     | Killed Zeld's ghost
  9751 | D:10     | Reached skill level 10 in Armour
 10114 | D:10     | Identified a scroll of acquirement
 10114 | D:10     | Acquired a manual of Armour
 10357 | D:11     | Found a staircase to the Orcish Mines.
 10357 | D:11     | Noticed a two-headed ogre
 10358 | D:11     | Noticed a five-headed hydra
 10367 | D:11     | Killed a two-headed ogre
 10372 | D:11     | Killed a ten-headed hydra
 10479 | D:11     | Found Nuf Omih's Neck Hole.
 10496 | D:11     | Reached skill level 10 in Shields
 10502 | D:11     | Gained mutation: Your flesh is heat resistant. (rF+)
                  | [potion of mutation]
 10502 | D:11     | Gained mutation: You have sharp toenails. [potion of
                  | mutation]
 10673 | D:11     | Noticed a two-headed ogre
 10679 | D:11     | Killed a two-headed ogre
 10680 | D:11     | Reached skill level 14 in Axes
 11386 | D:12     | Reached skill level 10 in Fighting
 11797 | D:12     | Noticed a centaur warrior
 11801 | D:12     | Killed a centaur warrior
 11802 | D:12     | Reached XP level 12. HP: 107/107 MP: 11/11
 12002 | D:12     | Reached skill level 15 in Axes
 12157 | D:13     | Noticed a two-headed ogre
 12164 | D:13     | Killed a two-headed ogre
 12188 | D:13     | Noticed a two-headed ogre
 12199 | D:13     | Killed a two-headed ogre
 12200 | D:13     | Reached skill level 5 in Dodging
 12616 | D:13     | Noticed Jorgrun
 12632 | D:13     | Killed Jorgrun
 12887 | D:13     | Found Kukoefem's Jewellery Shop.
 12968 | D:13     | Found Gozag's Platinum Reserve.
 12979 | D:13     | Found an opulent altar of Gozag.
 13064 | D:13     | Noticed Rupert
 13077 | D:13     | Killed Rupert
 13078 | D:13     | Reached skill level 16 in Axes
 13096 | D:13     | Noticed a seven-headed hydra
 13100 | D:13     | Killed an eight-headed hydra
 13103 | D:13     | Found a gateway to a bazaar.
 13190 | D:13     | Found Wetzum's Antique Armour Emporium.
 13231 | D:13     | Found Myrount's Antique Armour Shoppe.
 13258 | D:13     | Found Nepafip's Jewellery Shoppe.
 13417 | D:14     | Noticed a tengu warrior
 13418 | D:14     | Noticed Nessos
 13418 | D:14     | Noticed a six-headed hydra
 13418 | D:14     | Noticed an ice dragon
 13432 | D:14     | Killed a tengu warrior
 13436 | D:14     | Noticed Urug
 13438 | D:14     | Noticed a two-headed ogre
 13847 | D:14     | HP: 2/110 [Nessos/arrow (17)]
 13848 | D:14     | Shot with an arrow by Nessos

Illustrated notes

Levels and vault maps discovered:
D:1:      shiori_arrival_whats_in_store_for_you, layout_loops_ring,
          item_on_display_a
D:2:      layout_basic
D:3:      layout_loops_ring, serial_shops, shop, nicolae_shop_hallway_stairs,
          shop, shop, shop, kennysheep_flooded_box, chequers_decorated_corner,
          minmay_joined_circles
D:4:      layout_basic, uniq_ijyb, uniq_blork_the_orc
D:5:      kennysheep_slugbush, layout_basic, grunt_ministairs_15, minmay_holes,
          uniq_sigmund, uniq_edmund
D:6:      layout_basic, minmay_misc_feat_x, sword_in_stone, uniq_grinder,
          uniq_menkaure, uniq_prince_ribbit1, uniq_eustachio
D:7:      layout_cave_pools, minmay_temple_entry_grid, serial_shops, shop,
          uniq_pikel, uniq_joseph
D:8:      layout_cave_pools, david_lair_generic, uniq_harold
D:9:      layout_grid_maze, nzn_life_drinkers
D:10:     layout_loops_ring, nicolae_yredelemnul_ghost_church
D:11:     layout_basic, orc_0_dummy, nicolae_shop_sticking_my_neck_out
D:12:     layout_roguey
D:13:     layout_irregular_city, serial_shops, bzr_entry_road,
          nicolae_shop_behind_doors, nicolae_take_the_stairs,
          nicolae_shop_behind_doors, nicolae_shop_crystal,
          nicolae_gozag_zags_fifth_avenue, uniq_rupert, uniq_jorgrun
D:14:     layout_small_grid, david_vaults_3, minmay_misc_feat_enclosed

Skill      XL: |  1  2  3  4  5  6  7  8  9 10 11 12 |
---------------+-------------------------------------+-----
Fighting       | 4 5 6 7 8 10 11 | 11.2
Axes           | 4 5 6 8 9 11 13 14 16 | 16.2
Armour         | 3 4 5 6 7 8 9 11 13 | 13.1
Shields        | 1 3 5 7 9 10 12 | 12.4
Dodging        | 3 4 5 |  5.4
Stealth        | 1 |  1.7
Throwing       | |  0.5

Action                   |  1- 3 |  4- 6 |  7- 9 | 10-12 || total
-------------------------+-------+-------+-------+-------++-------
Melee: Hand axe          |    84 |    96 |       |       ||   180
       Headbutt          |     6 |    15 |    44 |    90 ||   155
       War axe           |       |    28 |   243 |   372 ||   643
Throw: Dart              |       |       |       |     2 ||     2
Invok: Berserk           |     1 |     4 |     9 |    15 ||    29
       Trog's Hand       |       |     1 |     1 |     7 ||     9
       Brothers in Arms  |       |       |       |     2 ||     2
  Use: Scroll            |       |       |       |    18 ||    18
       Potion            |       |       |       |    14 ||    14
Armor: Animal skin       |    21 |       |       |       ||    21
       Plate armour      |    72 |   117 |    11 |       ||   200
       Chain mail        |       |       |   243 |   256 ||   499
Dodge: Dodged            |    73 |    48 |    89 |   219 ||   429
Block: Kite shield       |       |    22 |   164 |   235 ||   421
